 Dungeon Crawl Stone Soup version 0.27-a0-29-g2d0a2396b0 (webtiles) character file.

Game seed: 9518739307161570070

4431 wakim the Covert (level 10, -9/49 HPs)
             Began as a Spriggan Enchanter on Jan 3, 2021.
             Killed by divine providence
             ... invoked by an orc priest
              (14 damage)
             ... on level 8 of the Dungeon.
             The game lasted 00:39:38 (9163 turns).

wakim the Covert (Spriggan Enchanter)               Turns: 9163, Time: 00:39:39

Health: -9/49      AC:  4    Str:  4    XL:     10   Next: 14%
Magic:  27/28      EV: 26    Int: 22    God:
Gold:   305        SH:  0    Dex: 21    Spells: 11/20 levels left

rFire    . . .     SeeInvis +   a - +2 dagger (speed)
rCold    . . .     Faith    .   (shield restricted)
rNeg     + . .     Spirit   .   y - +2 robe {rN+}
rPois    .         Reflect  .   (helmet restricted)
rElec    .         Harm     .   (no cloak)
rCorr    .         Rampage  .   (gloves unavailable)
Will     +....                  (boots unavailable)
Stlth    +++++.....             s - amulet of magic regeneration
HPRegen  0.16/turn              h - +6 ring of intelligence
MPRegen  0.46/turn              B - ring of magical power

@: marked, very quick
A: very small, unfitting armour, see invisible, speed 3
a: no special abilities


You were on level 8 of the Dungeon.
You visited 1 branch of the dungeon, and saw 8 of its levels.
You also visited: Sewer and Ossuary.

You collected 305 gold pieces.

Inventory:

Hand Weapons
 a - a +2 dagger of speed (weapon)
 b - a +2 dagger
Armour
 y - a +2 robe of positive energy (worn)
Jewellery
 e - an uncursed amulet of regeneration
 h - a +6 ring of intelligence (left hand)
 s - an amulet of magic regeneration (around neck)
 v - an uncursed ring of wizardry
 B - a ring of magical power (right hand)
 E - an uncursed ring of ice {unknown}
Wands
 p - a wand of paralysis (4)
 x - a wand of flame (15)
 D - a wand of enslavement (11)
Scrolls
 c - 6 scrolls of remove curse
 d - a scroll of blinking {unknown}
 k - 2 scrolls of fog
 l - 7 scrolls of identify
 q - 2 scrolls of enchant armour
 u - a scroll of enchant weapon
 A - 2 scrolls of amnesia
Potions
 f - 3 potions of heal wounds
 g - 4 potions of curing {unknown}
 i - 2 potions of lignification {unknown}
 j - a potion of mutation {unknown}
 m - 4 potions of brilliance {unknown}
 n - 2 potions of might {unknown}
 r - 2 potions of magic {unknown}
 t - a potion of degeneration {unknown}
 w - a potion of attraction {unknown}
 z - a potion of ambrosia {unknown}
 C - 2 potions of flight {unknown}


   Skills:
 + Level 4.1 Fighting
 * Level 7.9 Short Blades
 + Level 8.7 Dodging
 * Level 11.5 Stealth
 + Level 5.9 Spellcasting
 + Level 8.1 Hexes
 + Level 1.5 Evocations


You had 11 spell levels left.
You knew the following spells:

 Your Spells              Type           Power        Failure   Level
a - Corona                Hex            46%          1%          1
b - Ensorcelled Hibernat  Hex/Ice        48%          2%          2
c - Confusing Touch       Hex            42%          1%          3
d - Tukima's Dance        Hex            42%          1%          3

Your spell library contained the following spells:

 Spells                   Type           Power        Failure   Level
 Dazzling Flash           Conj/Hex       48%          5%          3
 Gell's Gravitas          Tloc           3%           28%         3
 Metabolic Englaciation   Hex/Ice        12%          43%         5
 Yara's Violent Unravell  Hex/Tmut       12%          43%         5
 Petrify                  Tmut/Erth      6%           67%         4


Dungeon Overview and Level Annotations

Branches:
Dungeon (8/15)             Temple (0/1) D:6           Sewer (visited)
Ossuary (visited)
   Lair: D:8-11

Altars:
Ashenzari
Elyvilon
Gozag
Hepliaklqana
Okawaru
Qazlal
Ru
Sif Muna
Vehumet
Zin
The Shining One

Shops:
D:7 !

Annotations:
D:3 1 runed translucent door, Crazy Yiuf
D:8 Harold


Innate Abilities, Weirdness & Mutations

You are very small and have problems with some larger weapons.
You are too small for most types of armour.
You have supernaturally acute eyesight. (SInv)
You cover ground extremely quickly.


Message History

An orc priest comes into view.
The orc priest shouts!
An orc comes into view. It is wielding a +0 club.
The orc shouts!
An orc comes into view. It is wielding a +0 war axe.
The orc shouts!
Found a stone staircase leading down.
A bullfrog comes into view.
There is a stone staircase leading down here.
The orc completely misses you.
The orc priest mumbles some strange prayers to Beogh against you.
Beogh smites you!
* * * LOW HITPOINT WARNING * * *
A howler monkey skeleton comes into view.
Harold fires a harpoon shot at you. The harpoon shot misses you.
The goblin zaps a wand.
The puff of flame misses you.
The orc priest invokes the aid of Beogh against you.
Beogh smites you!
You die...

....##..........<.#............##
#...#............##.o...........#
...................#...o.......##
............).#.@...ooF...F.....#
#.<..........<##......#....#...##
##.....s....[#...Z..###....#...#
#............s..(.....#........#
#...............................
#..........#.Z..@.............
#......#+#.#.................#
.......# #.#....g....##....
......##+#.................
.......#.#..........##.....
.#.#..†#..S.......... ...
.#.##†........!.....## ##
.#.#...##............ .#.#..##
....g..


You could see Harold, a bullfrog, a scorpion, an orc priest, an adder, 3 orcs, a
worker ant zombie, a goblin and a howler monkey skeleton.

Vanquished Creatures
  Pikel (D:5)
  Joseph (D:7)
  Grinder (D:5)
  A yak (D:8)
  Sigmund (D:6)
  Menkaure (D:7)
  Edmund (D:5)
  Duvessa (D:5)
  2 orc warriors
  3 sky beasts
  2 black bears
  2 ogres
  3 lemures (D:5)
  4 centaurs
  An elf zombie (D:4)
  3 bullfrogs
  3 elf skeletons (D:4)
  A water moccasin zombie (D:8)
  Dowan (D:5)
  2 scorpions (D:6)
  4 wights (D:7)
  A quasit (D:8)
  2 human zombies (D:4)
  3 jellies
  5 orc priests
  4 hounds
  An orc wizard (D:7)
  2 human skeletons (D:4)
  2 iguanas (D:5)
  Ijyb (D:3)
  4 worker ants
  A hound skeleton (D:4)
  Robin (D:4)
  2 adders
  2 shadow imps
  4 white imps
  2 oozes (D:3)
  2 adder zombies
  2 adder skeletons
  2 worms
  4 dart slugs
  5 leopard geckos
  17 orcs
  A giant cockroach (D:5)
  16 goblins
  12 hobgoblins
  13 jackals
  A kobold (D:1)
  A quokka (D:3)
  3 ball pythons
  A ball python skeleton (D:4)
  9 bats
  8 frilled lizards
  A jackal skeleton (D:7)
  2 orc skeletons (D:4)
  An orc zombie (D:4)
  A quokka zombie (D:5)
  8 rats
186 creatures vanquished.

Vanquished Creatures (others)
  7 fungi (D:8)
  17 plants
24 creatures vanquished.

Grand Total: 210 creatures vanquished

Notes
Turn   | Place    | Note
-------+----------+-------------------------------------------
     0 | D:1      | wakim the Spriggan Enchanter began the quest for the Orb.
     0 | D:1      | Reached XP level 1. HP: 9/9 MP: 5/5
   196 | D:1      | Reached skill level 5 in Stealth
   196 | D:1      | Reached XP level 2. HP: 4/13 MP: 6/6
   490 | D:1      | Learned a level 2 spell: Ensorcelled Hibernation
   934 | D:1      | Reached XP level 3. HP: 16/16 MP: 2/8
  1508 | D:2      | Reached skill level 6 in Stealth
  1672 | D:2      | Found a white marble altar of Elyvilon.
  2043 | D:3      | Reached XP level 4. HP: 15/21 MP: 6/9
  2147 | D:3      | Found a runed translucent door.
  2148 | D:3      | Noticed Crazy Yiuf
  2681 | D:3      | Found a glowing drain.
  2697 | Sewer    | Entered a sewer
  2886 | D:3      | Noticed Ijyb
  2889 | D:3      | Paralysed by Ijyb for 6 turns
  2900 | D:3      | Paralysed by Ijyb for 6 turns
  2907 | D:3      | Killed Ijyb
  2976 | D:3      | Found a hazy altar of Hepliaklqana.
  2981 | D:3      | Found a broken altar of Ashenzari.
  2981 | D:3      | Found an iron altar of Okawaru.
  2989 | D:3      | Found a sacrificial altar of Ru.
  2992 | D:3      | Found a stormy altar of Qazlal.
  3087 | D:3      | Reached skill level 7 in Stealth
  3087 | D:3      | Reached XP level 5. HP: 24/24 MP: 10/10
  3474 | D:4      | Reached XP level 6. HP: 20/28 MP: 11/11
  3483 | D:4      | Learned a level 3 spell: Confusing Touch
  3502 | D:4      | Reached skill level 5 in Short Blades
  3502 | D:4      | Reached skill level 8 in Stealth
  3557 | D:4      | Found a sand-covered staircase.
  3560 | D:4      | Reached skill level 5 in Hexes
  3560 | D:4      | Reached XP level 7. HP: 32/32 MP: 9/14
  3580 | Ossuary  | Entered an ossuary
  3682 | D:4      | Noticed Robin
  3933 | D:4      | Killed Robin
  4042 | D:4      | Found a broken altar of Ashenzari.
  4095 | D:4      | Learned a level 3 spell: Tukima's Dance
  4820 | D:5      | Entered Level 5 of the Dungeon
  4821 | D:5      | Noticed Grinder
  4974 | D:5      | Paralysed by Grinder for 7 turns
  5139 | D:5      | Paralysed by Grinder for 6 turns
  5348 | D:5      | Killed Grinder
  5349 | D:5      | Reached skill level 1 in Fighting
  5431 | D:5      | Noticed Duvessa
  5632 | D:5      | Reached XP level 8. HP: 30/37 MP: 12/15
  5795 | D:5      | Noticed Dowan
  5840 | D:6      | Noticed Sigmund
  5846 | D:6      | Killed Sigmund
  5847 | D:6      | Reached skill level 5 in Dodging
  5865 | D:5      | Killed Duvessa
  5889 | D:5      | Killed Dowan
  5890 | D:5      | Noticed Pikel
  6419 | D:5      | Noticed Edmund
  6435 | D:5      | Killed Edmund
  6524 | D:5      | Killed Pikel
  6525 | D:5      | Reached XP level 9. HP: 45/45 MP: 10/16
  7041 | D:6      | Reached skill level 9 in Stealth
  7229 | D:6      | Found a glowing golden altar of the Shining One.
  7438 | D:6      | Found a staircase to the Ecumenical Temple.
  7509 | D:6      | Found a shimmering blue altar of Sif Muna.
  7754 | D:7      | Reached skill level 10 in Stealth
  7818 | D:7      | Noticed Joseph
  7821 | D:7      | Killed Joseph
  7822 | D:7      | Reached skill level 5 in Spellcasting
  7986 | D:7      | Reached skill level 11 in Stealth
  8023 | D:7      | Noticed Menkaure
  8029 | D:7      | Killed Menkaure
  8216 | D:7      | Found Vyitsen's Distillery.
  8336 | D:7      | Found a glowing silver altar of Zin.
  8336 | D:7      | Found an opulent altar of Gozag.
  8635 | D:8      | Noticed Harold
  8759 | D:8      | Found a radiant altar of Vehumet.
  8780 | D:8      | Reached XP level 10. HP: 49/49 MP: 19/19
  8829 | D:8      | Reached skill level 1 in Evocations
  9163 | D:8      | Killed from afar by an orc priest

Illustrated notes

Levels and vault maps discovered:
D:1:      amcnicky_arrival_blooded_trapdoor, layout_rooms
D:2:      layout_loops_cross, marbit_many_paths
D:3:      layout_basic, minmay_overflow_temple_star_hex,
          cheibrodos_sewer_entry_bend, uniq_ijyb, uniq_crazy_yiuf_cottage
D:4:      layout_gridville, nicolae_ossuary_entry_catacombs, serial_forest,
          infiniplex_forest_lined_ring, infiniplex_forest_lined_4_way,
          infiniplex_forest_clump_diagonal, infiniplex_forest_clump_curved,
          infiniplex_forest_3_way, infiniplex_forest_clump_diagonal,
          infiniplex_forest_lined_room_2, evilmike_ruin_ashenzari, uniq_robin
D:5:      layout_cave_pools, uniq_pikel, uniq_grinder, uniq_duvessa, uniq_edmund
D:6:      layout_cave_pools, overflow_temple_1_default, lemuel_doored_altar,
          minmay_temple_entry_crystal_x, kennysheep_generic_room_15,
          uniq_sigmund
D:7:      layout_loops_corners, grunt_temple_overflow_gold_and_silver,
          serial_shops, nicolae_shop_behind_doors, uniq_joseph, uniq_menkaure
D:8:      layout_cave_pools, vehumet_altar_wand_db, kennysheep_mini,
          grunt_lair_entry_orc_guard_hut, uniq_harold

Skill      XL: |  1  2  3  4  5  6  7  8  9 10 |
---------------+-------------------------------+-----
Stealth        | 5 6 7 8 11 | 11.5
Short Blades   | 2 3 4 5 7 |  7.9
Spellcasting   | 4 5 |  5.9
Hexes          | 5 7 8 |  8.1
Fighting       | 1 4 |  4.1
Dodging        | 4 8 |  8.7
Evocations     | 1 |  1.5

Action                   |  1- 3 |  4- 6 |  7- 9 | 10-12 || total
-------------------------+-------+-------+-------+-------++-------
Melee: Dagger            |   115 |    75 |   209 |     8 ||   407
 Cast: Corona            |     1 |       |       |       ||     1
       Ensorcelled Hiber |    23 |    19 |   123 |    24 ||   189
       Confusing Touch   |       |     3 |    19 |       ||    22
  Use: Scroll            |     6 |       |     3 |     1 ||    10
 Stab: Sleeping          |    33 |    23 |    81 |     7 ||   144
       Distracted        |     2 |       |     3 |       ||     5
       Confused          |       |     4 |    19 |       ||    23
Armor: Robe              |    13 |     6 |     8 |       ||    27
Dodge: Dodged            |    91 |    39 |   142 |    29 ||   301

Table legend: (Time is in decaauts)
 A = Elapsed time spent in this place.
 B = Non-inter-level travel time spent in this place.
 C = Inter-level travel time spent in this place.
 D = Time resting spent in this place.
 E = Time spent auto-exploring this place.
 F = Levels seen in this place.
 G = Mean time per level.
                   A        B        C        D        E       F      G
               +--------+--------+--------+--------+--------+-----+--------+
         Total |   7012 |   6714 |    298 |   1567 |   3331 |  10 |  701.2 |
       Dungeon |   6920 |   6622 |    298 |   1525 |   3320 |   8 |  865.0 |
         Sewer |     65 |     65 |      0 |     25 |     11 |   1 |   65.0 |
       Ossuary |     26 |     26 |      0 |     17 |      0 |   1 |   26.0 |
               +--------+--------+--------+--------+--------+-----+--------+

Top non-repeatable levels by time:
     D:4: 1525 daAuts
     D:3: 1158 daAuts
     D:5: 1140 daAuts
     D:1: 939 daAuts
     D:7: 934 daAuts
     D:2: 615 daAuts
     D:6: 444 daAuts
     D:8: 163 daAuts
   Sewer: 65 daAuts
 Ossuary: 26 daAuts
